AoeStats
← dvdvnlng

Migration

508566733Analyzed
1v1 RM · 9d ago on Sep 23, 2026· 51m 10s· 2 players
Game mode
Random Map
Map size
132×132
Population
200
Speed
Normal
Resources
Standard
Victory
Conquest
Starting age
Dark Age
Ending age
Imperial Age
RankedLock teamsTeams togetherTeam positionsShared explorationLock speedFull tech treeHidden civsTurbo modeCheats
Victory
Defeat
🇨🇴 Franks · Colombia
1023
+15
🇺🇸 Italians · United States
1002
-15
dvdvnlng
11:51 Feudal Age
12:37 Double-Bit Axe
12:37 Fishing Lines
13:29 Loom
14:43 Wheelbarrow
13:57 Horse Collar
17:27 Gold Mining
22:40 Fletching
25:37 Castle Age
23:46 Padded Archer Armor
24:38 Stone Mining
26:33 Medium Warships
26:19 Gillnets
27:12 Hand Cart
26:20 Crossbowman
26:58 Bodkin Arrow
27:19 Leather Archer Armor
30:49 Ballistics
39:50 Imperial Age
38:19 Murder Holes
39:39 Heated Shot
41:03 Heavy Warships
41:41 Chemistry
40:28 Elite Genoese Crossbowman
41:48 Shipwright
41:40 Clinker Construction
41:44 Careening
42:03 Elite Cannon Galleon
47:14 Bracer
47:44 Ring Archer Armor
47:14 Scale Mail Armor
47:44 Ring Archer Armor
47:14 Bracer
luchoval1
11:15 Feudal Age
17:26 Castle Age
15:43 Double-Bit Axe
16:35 Stone Mining
18:25 Wheelbarrow
20:19 Gold Mining
29:07 Gold Shaft Mining
29:17 Medium Warships
31:26 Fletching
31:56 Bow Saw
38:21 Imperial Age
36:38 Careening
36:34 Siphons
36:40 Clinker Construction
37:21 Treadmill Crane
38:03 Ballistics
39:10 Masonry
39:49 Cavalier
40:30 Husbandry
41:42 Chemistry
41:13 Town Watch
41:43 Hand Cart
42:42 Forging
42:32 Scale Mail Armor
42:37 Scale Barding Armor
42:28 Bodkin Arrow
42:33 Padded Archer Armor
43:43 Heavy Warships
45:54 Architecture
46:09 Siege Engineers
46:17 Paladin
47:57 Iron Casting
47:37 Chain Mail Armor
47:42 Chain Barding Armor
47:38 Leather Archer Armor
49:29 Town Patrol
49:23 Loom
Connection lost

Rejoining the realm…

Still unreachable

The connection could not be restored.

Session expired

The server has moved on; the page needs a fresh start.